 Dungeon Crawl Stone Soup version 0.20.0-15-g7f486f2 (webtiles) character file.

6064 polve the Carver (level 10, -3/76 HPs)
             Began as a Demonspawn Abyssal Knight on June 30, 2017.
             Was a High Priest of Lugonu.
             Killed from afar by Erica (6 damage)
             ... with a bolt of poison
             ... on level 8 of the Dungeon.
             The game lasted 00:11:10 (8965 turns).

polve the Carver (Demonspawn Abyssal Knight)        Turns: 8965, Time: 00:11:10

Health: -3/76      AC: 17    Str: 11    XL:     10   Next: 57%
Magic:  16/16      EV:  7    Int: 14    God:    Lugonu [*****.]
Gold:   314        SH:  0    Dex: 15    Spells: 9/9 levels left

rFire    . . .     SeeInvis .   v - +1 long sword (drain)
rCold    + . .     Gourm    .   (no shield)
rNeg     . . .     Faith    .   l - +0 chain mail
rPois    +         Spirit   .   E - +0 helmet
rElec    .         Reflect  .   (no cloak)
rCorr    .         Harm     .   u - +1 pair of gloves
MR       +....                  (no boots)
Stlth    ..........             (no amulet)
Regen    0.3/turn               (no ring)
MPRegen  0.2/turn               (no ring)

@: no status effects
A: slimy green scales 3, cold resistance 1, magic resistance 1, powered by death
2, spiny 2, weak 1, wild magic 1
a: Depart the Abyss, Bend Space, Banish, Corrupt, Enter the Abyss, Renounce
Religion


You were on level 8 of the Dungeon.
You worshipped Lugonu.
Lugonu was extremely pleased with you.
You were not hungry.

You visited 1 branch of the dungeon, and saw 8 of its levels.
You visited the Abyss 1 time.
You also visited: Sewer.

You collected 314 gold pieces.

Inventory:

Hand Weapons
 v - a +1 long sword of draining (weapon)
Armour
 l - a +0 chain mail (worn)
 u - a +1 pair of gloves (worn)
 E - a +0 helmet (worn)
Scrolls
 e - 3 scrolls of fear
 g - a scroll of blinking
 i - 3 scrolls of teleportation
 k - a scroll of remove curse
 m - 2 scrolls of noise {unknown}
 o - a scroll of recharging
 r - a scroll of enchant weapon {unknown}
 x - 2 scrolls of fog
 y - a scroll of torment {unknown}
 B - a scroll of identify
 C - a scroll of summoning {unknown}
 F - a scroll of amnesia {unknown}
Potions
 b - a potion of magic {unknown}
 f - 3 potions of might
 h - 3 potions of brilliance
 n - a potion of flight {unknown}
 q - 4 potions of curing
 s - a potion of cancellation {unknown}
 t - a potion of haste
 w - a potion of ambrosia {unknown}
 z - 3 potions of resistance {unknown}
 D - a potion of agility {unknown}
 G - a potion of mutation {unknown}
 I - a potion of invisibility {unknown}
Books
 p - a book of Misfortune

   Spells                             Type                      Level
   a - Confusing Touch                Hexes                        1
   b - Confuse                        Hexes                        3
   c - Gell's Gravitas                Translocation                3
   d - Petrify                        Transmutation/Earth          4
   e - Metabolic Englaciation         Hexes/Ice                    5
   f - Yara's Violent Unravelling     Hexes/Transmutation          5
 A - a book of Air

   Spells                             Type                      Level
   a - Shock                          Conjuration/Air              1
   b - Swiftness                      Charms/Air                   2
   c - Static Discharge               Conjuration/Air              3
   d - Airstrike                      Air                          4
   e - Lightning Bolt                 Conjuration/Air              5
Comestibles
 a - 3 meat rations
 c - 6 bread rations
 d - 2 fruits
 j - a royal jelly
 H - 4 chunks of flesh


   Skills:
 - Level 6.0 Fighting
 + Level 9.7 Long Blades
 - Level 6.0 Armour
 - Level 6.2 Dodging
 - Level 8.4 Invocations


You had 9 spell levels left.
You didn't know any spells.

Dungeon Overview and Level Annotations

Branches:
Dungeon (8/15)             Temple (0/1) D:6            Lair (0/6) D:8

Altars:
Ashenzari
Cheibriados
Fedhas
Kikubaaqudgha
Sif Muna
Vehumet
Yredelemnul

Shops:
D:4 =((?   D:7 %

Annotations:
D:8 Erica


Innate Abilities, Weirdness & Mutations

You are completely covered in slimy green scales. (AC +4, rPois)
You regenerate health from kills.
You are mostly covered in sharp spines.
Your flesh is cold resistant. (rC+)
You are resistant to hostile enchantments. (MR+)
You are weak. (Str -2)
Your spells are a little harder to cast, but a little more powerful.


Message History

You completely miss something. The phantom is struck by your spines.
The phantom hits you but does no damage.
You miss something. Something hits you.
* * * LOW HITPOINT WARNING * * *
Something burns you.
* * * LOW HITPOINT WARNING * * *
The phantom blinks!
You closely miss something. Something hits you but does no damage.
You miss something.
You hear some strange, mumbled words.
An orb of energy appears from out of thin air!
The orb of energy hits you!
* * * LOW HITPOINT WARNING * * *
The orb of energy explodes!
Something shouts, "Slither away, thou loggerheaded tip-merry bootlicker!"
You hit something but do no damage.
You hear some strange, mumbled words.
A bolt of poison appears from out of thin air!
The bolt of poison hits you! You resist.
You die...

#..#
##.####.....โ‰ˆ
#..#
##.........โ‰ˆ
#..#
#.#.#.....โ‰ˆ
#..#
#.#.####...
#.#####..#
#....# #...
.........#
#..#.# ##..
#.#####.##
#..#.# ##. #ยง#
#.##.. ## #@#
#.##### #{# .<#
#W# #..#
####.####..>
#...........
#.##$$...... ..
.....#### ...
........ ###
###...###


You could see a phantom.

Vanquished Creatures
  2 two-headed ogres (D:8)
  Pikel (D:6)
  Joseph (D:8)
  A hornet (D:8)
  A hippogriff (D:8)
  Sigmund (D:3)
  2 basilisks (D:8)
  A yak (D:8)
  Grum (D:8)
  2 steam dragons (D:7)
  The ghost of Ruebezahl the Conjurer, an amateur DECj (D:3)
  Duvessa (D:6)
  3 slaves (D:6)
  A sky beast (D:6)
  2 wolves (D:8)
  2 ogres
  A centaur (D:6)
  3 big kobolds (Sewer)
  Dowan (D:6)
  A bullfrog (D:7)
  A scorpion (D:5)
  5 killer bees (D:8)
  3 wights (D:8)
  A howler monkey (D:4)
  A centaur zombie (D:7)
  3 crimson imps
  2 quasits
  A centaur skeleton (D:8)
  3 hounds
  A bullfrog skeleton (D:5)
  3 orc priests
  An iron imp (Abyss:2)
  4 orc wizards
  4 iguanas
  3 worker ants
  A hound zombie (D:6)
  A hound skeleton (D:7)
  Robin (D:2)
  13 adders
  4 gnolls (D:5)
  A howler monkey skeleton (D:4)
  2 river rats (D:4)
  A shadow imp (D:5)
  9 oozes
  An adder zombie (D:6)
  5 adder skeletons
  5 worms
  5 dart slugs
  5 leopard geckos
  19 orcs
  3 ball pythons
  6 bats
  3 giant cockroaches
  19 goblins
  11 hobgoblins
  6 jackals
  4 quokkas
  8 frilled lizards
  13 kobolds
  A leopard gecko skeleton (D:4)
  A quokka skeleton (D:5)
  19 rats
232 creatures vanquished.

Vanquished Creatures (others)
  An orc (D:7)
  2 fungi (D:8)
3 creatures vanquished.

Grand Total: 235 creatures vanquished

Notes
Turn   | Place    | Note
-------+----------+-------------------------------------------
     0 | Abyss:1  | polve the Demonspawn Abyssal Knight began the quest for the Orb.
     0 | Abyss:1  | Reached XP level 1. HP: 18/18 MP: 2/2
    73 | Abyss:1  | Noticed a large abomination
   137 | Abyss:2  | Noticed an iron imp
   154 | Abyss:2  | Killed an iron imp
   154 | Abyss:2  | Reached skill level 3 in Long Blades
   154 | Abyss:2  | Gained mutation: You regenerate a little health from kills. [demonic ancestry]
   154 | Abyss:2  | Reached XP level 2. HP: 20/24 MP: 3/3
   170 | Abyss:2  | Noticed a wraith
   172 | D:1      | Escaped the Abyss
   174 | D:1      | Gained mutation: You are partially covered in slimy green scales. (AC +2) [demonic ancestry]
   174 | D:1      | Reached XP level 3. HP: 26/29 MP: 2/4
   290 | D:1      | Reached * piety under Lugonu
  1464 | D:2      | Found an ancient bone altar of Kikubaaqudgha.
  1473 | D:2      | Reached XP level 4. HP: 33/35 MP: 5/5
  1573 | D:2      | Reached skill level 4 in Long Blades
  2009 | D:2      | Reached ** piety under Lugonu
  2703 | D:3      | Noticed Robin
  2734 | D:2      | Killed Robin
  2734 | D:2      | Gained mutation: You are partially covered in sharp spines. [demonic ancestry]
  2734 | D:2      | Reached XP level 5. HP: 30/41 MP: 6/6
  2913 | D:3      | Reached skill level 5 in Long Blades
  2980 | D:3      | Noticed Ruebezahl's ghost (amateur DECj)
  3048 | D:3      | Noticed Sigmund
  3066 | D:3      | Killed Sigmund
  3066 | D:3      | Reached skill level 6 in Long Blades
  3066 | D:3      | Gained mutation: You regenerate health from kills. [demonic ancestry]
  3066 | D:3      | Reached XP level 6. HP: 9/47 MP: 7/7
  3440 | D:3      | Killed Ruebezahl's ghost
  3554 | D:4      | Found a snail-covered altar of Cheibriados.
  3599 | D:4      | Found a glowing drain.
  3606 | Sewer    | Entered a sewer
  3796 | Sewer    | Reached skill level 7 in Long Blades
  3796 | Sewer    | Gained mutation: You are mostly covered in sharp spines. [demonic ancestry]
  3796 | Sewer    | Reached XP level 7. HP: 49/52 MP: 8/8
  4085 | Sewer    | Reached *** piety under Lugonu
  4274 | Sewer    | Reached skill level 8 in Long Blades
  4500 | D:4      | Found Aphow's Magic Scroll Boutique.
  4564 | D:4      | Found Poletem's Antique Weapon Shoppe.
  4626 | D:4      | Found a radiant altar of Vehumet.
  4689 | D:4      | Found Ziohyati's Jewellery Emporium.
  4700 | D:4      | Found Uxkoudwo's Antique Weapon Emporium.
  4971 | D:4      | Found a blossoming altar of Fedhas.
  4971 | D:4      | Found a snail-covered altar of Cheibriados.
  4977 | D:4      | Found a faded altar of an unknown god.
  4979 | D:4      | Found a basalt altar of Yredelemnul.
  4981 | D:4      | Found a faded altar of an unknown god.
  5012 | D:4      | Reached skill level 5 in Invocations
  5021 | D:4      | Gained mutation: You are mostly covered in slimy green scales. (AC +3) [demonic ancestry]
  5021 | D:4      | Reached XP level 8. HP: 58/58 MP: 10/12
  5159 | D:5      | Entered Level 5 of the Dungeon
  5217 | D:5      | Reached **** piety under Lugonu
  5323 | D:5      | Found a shattered altar of Ashenzari.
  5809 | D:6      | Noticed Dowan
  5810 | D:6      | Noticed Duvessa
  5831 | D:6      | Killed Duvessa
  5833 | D:6      | Killed Dowan
  5833 | D:6      | Reached skill level 1 in Dodging
  6233 | D:6      | Gained mutation: You are resistant to hostile enchantments. (MR+) [mutagenic meat]
  6234 | D:6      | Gained mutation: Your flesh is cold resistant. (rC+) [mutagenic meat]
  6235 | D:6      | Gained mutation: Your spells are a little harder to cast, but a little more powerful. [mutagenic meat]
  6236 | D:6      | Gained mutation: You are weak. (Str -2) [mutagenic meat]
  6338 | D:6      | Found a staircase to the Ecumenical Temple.
  6902 | D:6      | Noticed Pikel
  6932 | D:6      | Killed Pikel
  6932 | D:6      | Reached XP level 9. HP: 9/67 MP: 15/15
  7398 | D:7      | Found Ciatanog's Food Boutique.
  7433 | D:7      | Reached ***** piety under Lugonu
  7479 | D:7      | Reached skill level 5 in Fighting
  8221 | D:8      | Noticed Joseph
  8250 | D:8      | Killed Joseph
  8250 | D:8      | Reached skill level 5 in Armour
  8316 | D:8      | Found a staircase to the Lair.
  8339 | D:8      | Reached skill level 5 in Dodging
  8353 | D:8      | Gained mutation: You are completely covered in slimy green scales. (AC +4, rPois) [demonic ancestry]
  8353 | D:8      | Reached XP level 10. HP: 49/76 MP: 16/16
  8558 | D:8      | Noticed a two-headed ogre
  8570 | D:8      | Killed a two-headed ogre
  8817 | D:8      | Noticed Grum
  8827 | D:8      | Killed Grum
  8827 | D:8      | Reached skill level 9 in Long Blades
  8869 | D:8      | Found a deep blue altar of Sif Muna.
  8932 | D:8      | Noticed Erica
  8932 | D:8      | Noticed a two-headed ogre
  8947 | D:8      | Killed a two-headed ogre
  8964 | D:8      | HP: 3/76 [something/orb of energy (18)]
  8965 | D:8      | Killed from afar by Erica

Skill      XL: |  1  2  3  4  5  6  7  8  9 10 |
---------------+-------------------------------+-----
Long Blades    | 3 4 6 7 8 9 |  9.7
Invocations    | 5 8 |  8.4
Armour         | 3 5 6 |  6.0
Dodging        | 3 5 6 |  6.2
Fighting       | 4 6 |  6.0

Action                   |  1- 3 |  4- 6 |  7- 9 | 10-12 || total
-------------------------+-------+-------+-------+-------++-------
Melee: Falchion          |   116 |   226 |   159 |       ||   501
       Long sword        |       |       |   235 |    76 ||   311
Invok: Depart the Abyss  |     1 |       |       |       ||     1
  Use: Scroll            |       |       |     8 |       ||     8
  Eat: Chunk             |     2 |     8 |    18 |     3 ||    31
Armor: Leather armour    |    23 |       |       |       ||    23
       Chain mail        |    24 |   165 |   243 |    46 ||   478
Dodge: Dodged            |    43 |    76 |    95 |    18 ||   232
       Rpst.: Falchion   |    12 |    27 |     3 |       ||    42
       Long sword        |       |       |    17 |     2 ||    19
